 Dungeon Crawl Stone Soup version 0.28-a0-1339-ga5422284a4 (webtiles) character file.

Game seed: 17550493358797577064

2 Goblin1989 the Sneak (level 1, -1/18 HPs)
             Began as a Demonspawn Delver on Dec 28, 2021.
             Slain by a hobgoblin (4 damage)
             ... led by Robin
             ... on level 4 of the Dungeon.
             The game lasted 00:00:56 (110 turns).

Goblin1989 the Sneak (Demonspawn Delver)             Turns: 110, Time: 00:00:57

Health: -1/18      AC:  3    Str: 12    XL:     1   Next: 33%
Magic:  1/1        EV: 11    Int: 11    God:
Gold:   0          SH:  0    Dex: 14    Spells: 0/0 levels left

rFire   . . .      SeeInvis .   a - +0 short sword
rCold   . . .      Faith    .   (no shield)
rNeg    . . .      Spirit   .   b - +0 leather armour
rPois   .          Reflect  .   (no helmet)
rElec   .          Harm     .   (no cloak)
rCorr   .          Rampage  .   (no gloves)
Will    .....                   (no boots)
Stlth   +++.......              (no amulet)
HPRegen 0.06/turn               (no ring)
MPRegen 0.07/turn               (no ring)

@: no status effects
A: no striking features
a: no special abilities


You were on level 4 of the Dungeon.
You visited 1 branch of the dungeon, and saw 2 of its levels.

Inventory:

Hand Weapons
 a - a +0 short sword (weapon)
Armour
 b - a +0 leather armour (worn)
Wands
 g - a wand of digging (3) {@v3}
Scrolls
 c - a scroll of fog
 d - a scroll of magic mapping
 h - a scroll of blinking {unknown}
Potions
 f - a potion of haste {@q3,}


   Skills:
 - Level 3.0 Fighting
 + Level 1.9 Short Blades
 - Level 1.7 Dodging
 + Level 4.6 Stealth


You couldn't memorise any spells.
You didn't know any spells.
Your spell library was empty.

Dungeon Overview and Level Annotations

Branches:
Dungeon (5/15)
 Temple: D:4-7

Altars:

Annotations:
D:4 Blork the orc


Message History

You become Dissolution!
Welcome, Goblin1989 the Demonspawn Delver.
You feel drawn to the Orb of Zot, downwards into the unfathomable depths...
Press ? for a list of commands and other information.
Found a scroll labelled MEYFFIAPUPS and 7 bolts.
Found a stone staircase leading down.
h - a scroll labelled MEYFFIAPUPS An adder comes into view.
Found a silvery potion.
A dart slug comes into view.
Found 16 stones and a runed scarf.
The dart slug launches a dart at you. The slug dart misses you.
The dart slug launches a dart at you. The slug dart hits you.
You take 4 damage, and have 14/18 hp.
MASSIVE DAMAGE!!
An iguana and a zombie come into view.
Found 11 gold pieces and a scroll labelled PUNWE SEPOMOT.
Found a stone staircase leading up.
The dart slug bites you.
You take 1 damage, and have 13/18 hp.
You hit the dart slug but do no damage. You hit the dart slug.
The dart slug is heavily wounded.
The iguana hisses angrily.
The dart slug launches a dart at you. The slug dart hits you.
You take 4 damage, and have 9/18 hp.
MASSIVE DAMAGE!!
You hit the dart slug but do no damage.
The dart slug is heavily wounded.
The dart slug misses you.
You hit the dart slug.
You kill the dart slug!
Found a stone staircase leading down.
The iguana barely misses you.
As you read the scroll of fear, it crumbles to dust.
You assume a fearsome visage.
The hound zombie is unaffected.
The iguana looks frightened!
There is a stone staircase leading up here.
The hound zombie bites you.
* * * LOW HITPOINT WARNING * * *
You climb upwards.
Found 4 gold pieces and a scroll labelled MONOVEK BIAGAD.
There is a stone staircase leading down here.
You take 1 damage, and have 8/18 hp.
Found a stone staircase leading down.
An endoplasm comes into view. 2 goblins and a kobold come into view.
The kobold is wielding a +2 short sword of venom.
The kobold shouts!
The kobold throws a stone.
The stone hits you but does no damage.
A hobgoblin comes into view.
A goblin comes into view. It is wielding a +0 club.
Found 13 arrows and a falchion.
Blork the orc comes into view.
He is wielding a +0 war axe.
A hobgoblin comes into view.
The hobgoblin shouts!
You hear a shout! x6; Blork the orc shouts!
The hobgoblin shouts!
You hear a shout! x2
The endoplasm quivers.
The hobgoblin closely misses you.
The goblin shouts!
You hit the hobgoblin but do no damage. The necrophage hits you.
* * * LOW HITPOINT WARNING * * *
The hobgoblin hits you.
You die...

.).. ...█.
....(█
█.....██████
█.J......█████
██.g..██..?..█
█.██.██.....█ g.
█n██$..>.█ .
█@.█.....█
..g.ggg█.█..████
....... .█...
█████.. .█..>
█.. ...█. ██.
... ████.. ██


You could see a necrophage, a hobgoblin and 3 goblins.

Vanquished Creatures
  A dart slug (D:5)
1 creature vanquished.

Notes
Turn   | Place    | Note
-------+----------+-------------------------------------------
     0 | D:5      | Goblin1989 the Demonspawn Delver began the quest for the
                  | Orb.
     0 | D:5      | Reached XP level 1. HP: 18/18 MP: 1/1
    84 | D:5      | Noticed an iguana
   100 | D:4      | Noticed a necrophage
   106 | D:4      | Noticed Blork the orc
   110 | D:4      | Slain by a hobgoblin

Illustrated notes

Levels and vault maps discovered:
D:4:      minmay_bubble_buster, layout_rooms, nicolae_ru_sacrificial_ziggurat,
          uniq_blork_the_orc, uniq_robin
D:5:      layout_layer_cave, worldfamousw_hep_ancestral_shrine,
          minmay_temple_entry_overgrown

Action                   || total
-------------------------++-------
Melee: Short sword       ||     5
  Use: Scroll            ||     1
Armor: Leather armour    ||     1
Dodge: Dodged            ||     4

Table legend: (Time is in decaauts)
 A = Elapsed time spent in this place.
 B = Non-inter-level travel time spent in this place.
 C = Inter-level travel time spent in this place.
 D = Time resting spent in this place.
 E = Time spent auto-exploring this place.
 F = Levels seen in this place.
 G = Mean time per level.
                   A        B        C        D        E       F      G
               +--------+--------+--------+--------+--------+-----+--------+
         Total |    109 |    109 |      0 |      0 |      0 |   2 |   54.5 |
       Dungeon |    109 |    109 |      0 |      0 |      0 |   2 |   54.5 |
               +--------+--------+--------+--------+--------+-----+--------+

Top non-repeatable levels by time:
     D:5: 100 daAuts
     D:4: 9 daAuts
